 Dungeon Crawl Stone Soup version 0.30-a0-462-gd5975efbca (webtiles) character file.

Game seed: 5961402876013708338

1538 PimpSugar the Magician (level 8, -1/58 HPs)
             Began as a Demonspawn Hedge Wizard on Dec 16, 2022.
             Killed from afar by a steam dragon (21 damage)
             ... with a ball of steam
             ... on level 7 of the Dungeon.
             The game lasted 00:34:42 (6924 turns).

PimpSugar the Magician (Demonspawn Hedge Wizard)    Turns: 6924, Time: 00:34:43

Health: -1/58      AC:  5    Str: 11    XL:     8   Next: 56%
Magic:  0/15       EV: 11    Int: 23    God:
Gold:   5          SH:  0    Dex: 13    Spells: 5/17 levels left

rFire   . . .      SeeInvis .    E - +2 dagger (speed)
rCold   . . .      Faith    .    (no shield)
rNeg    . . .      Spirit   +    f - +0 leather armour
rPois   .          Reflect  .    c - +0 hat
rElec   .          Harm     .    (no cloak)
rCorr   .          Rampage  .    (no gloves)
Will    .....                    i - +0 pair of boots
Stlth   ++........               m - amulet of guardian spirit
HPRegen 0.29/turn                k - +6 ring of intelligence
MPRegen 0.14/turn                (no ring)

@: very slightly contaminated
A: horns 2, rugged brown scales 1, foul stench 1, condensation shield
a: no special abilities


You were on level 7 of the Dungeon.
You visited 2 branches of the dungeon, and saw 8 of its levels.

You collected 461 gold pieces.
You spent 456 gold pieces at shops.

Inventory:

Hand Weapons
 a - a +1 dagger
 E - a +2 dagger of speed (weapon)
Missiles
 e - 91 stones
 g - 9 poisoned darts
 y - 2 boomerangs
 J - 3 silver boomerangs
Armour
 b - a +0 robe
 c - a +0 hat (worn)
 f - a +0 leather armour (worn)
 i - a +0 pair of boots (worn)
 j - an orb of mayhem
 l - a +0 helmet of see invisible
Jewellery
 k - a +6 ring of intelligence (left hand)
 m - an amulet of guardian spirit (around neck)
Wands
 q - a wand of acid (6) (quivered)
 A - a wand of flame (17)
Scrolls
 o - 3 scrolls of teleportation
 r - a scroll of fog {unknown}
 t - 2 scrolls of enchant weapon
 v - a scroll of amnesia {unknown}
 w - a scroll of brand weapon {unknown}
 x - a scroll of butterflies {unknown}
 F - a scroll of enchant armour {unknown}
 G - a scroll of magic mapping {unknown}
 H - a scroll of poison {unknown}
Potions
 d - a potion of magic
 h - a potion of attraction {unknown}
 n - 2 potions of haste
 p - 2 potions of resistance {unknown}
 s - a potion of might
 u - 3 potions of degeneration
 z - 2 potions of lignification {unknown}
 B - 2 potions of brilliance {unknown}
 C - 2 potions of curing {unknown}
 D - 3 potions of berserk rage
 I - a potion of mutation {unknown}


   Skills:
 + Level 2.6 Fighting
 - Level 1.7 Dodging
 + Level 3.8 Stealth
 * Level 5.0 Spellcasting
 * Level 4.3 Conjurations
 + Level 2.6 Hexes
 * Level 3.9 Summonings
 * Level 3.5 Translocations
 + Level 2.2 Ice Magic
 + Level 2.5 Evocations


You had 5 spell levels left.
You knew the following spells:

 Your Spells              Type           Power      Damage    Failure   Level
a - Magic Dart            Conj           100%       1d8       2%          1
b - Call Imp              Summ           23%        N/A       3%          2
c - Ensorcelled Hibernat  Hex/Ice        34%        N/A       7%          2
d - Kindle Blastsparks    Fire/Tloc/Air  22%        2d11      22%         3
e - Blink                 Tloc           42%        N/A       4%          2
f - Passwall              Tmut/Erth      4%         N/A       19%         2

Your spell library contained the following spells:

 Spells                   Type           Power      Damage    Failure   Level
 Slow                     Hex            72%        N/A       4%          1
 Shock                    Conj/Air       60%        1d6       5%          1
 Cigotuvi's Dreadful Rot  Necr/Pois/Air  10%        N/A       19%         2
 Mephitic Cloud           Conj/Pois/Air  12%        N/A       21%         3
 Ignite Poison            Fire/Tmut/Pois 5%         N/A       36%         3
 Spider Form              Tmut/Pois      5%         N/A       36%         3
 Swiftness                Air            5%         N/A       36%         3
 Anguish                  Hex/Necr       5%         N/A       56%         4
 Summon Forest            Summ/Tloc      11%        N/A       58%         5
 Ice Form                 Ice/Tmut       11%        N/A       61%         4
 Summon Mana Viper        Hex/Summ       20%        N/A       65%         5
 Airstrike                Air            2%         2d(1-17)  77%         4
 Freezing Cloud           Conj/Ice/Air   7%         6-21      80%         5
 Summon Cactus Giant      Summ           11%        N/A       98%         6
 Simulacrum               Ice/Necr       5%         N/A       100%        6


Dungeon Overview and Level Annotations

Branches:
Dungeon (7/15)             Temple (1/1) D:6

Altars:
Ashenzari
Cheibriados
Dithmenos
Fedhas
Gozag
Hepliaklqana
Kikubaaqudgha
Makhleb
Nemelex Xobeh
Okawaru
Qazlal
Ru
Sif Muna
Trog
Uskayaw
Xom
Yredelemnul

Shops:
D:2 :


Innate Abilities, Weirdness & Mutations

You have a pair of horns on your head.
You are partially covered in rugged brown scales. (AC +1, +3% HP)
You may rarely emit foul miasma when damaged in melee.
A meltable shield of frost defends you. (SH +0)


Message History

The ball of steam hits you!
Your condensation shield dissipates!
Casting: Magic Dart (safe; 2% risk of failure)
Confirm with . or Enter, or press ? or * to list all spells.
There's already a cloud here!
Casting: Kindle Blastsparks (dangerous; 22% risk of failure)
Confirm with . or Enter, or press ? or * to list all spells.
You miscast Kindle Blastsparks.
You are very lightly contaminated with residual magic.
You feel a wrenching sensation.
You are magically locked in place.
The steam dragon breathes steam at you. The ball of steam hits you!
You cannot move.
Unknown command.
You cannot move.
You cannot move.
You cannot move.
Casting: Kindle Blastsparks (dangerous; 22% risk of failure)
Confirm with . or Enter, or press ? or * to list all spells.
A beastly little devil appears in a puff of flame.
You are engulfed in a cloud of scalding steam.
You are engulfed in a cloud of scalding steam.
Your crimson imp hits the steam dragon but does no damage.
Okay, then.
Okay, then.
You are engulfed in a cloud of scalding steam.
You are no longer locked in place.
The steam dragon barely misses your crimson imp.
The steam dragon claws your crimson imp.
Your crimson imp hits the steam dragon but does no damage.
Something bites your crimson imp.
Something closely misses your crimson imp.
The steam dragon breathes steam at you.
The ball of steam hits your crimson imp.
Your crimson imp resists.
The ball of steam hits you!
You see here a +0 mace.
The steam dragon breathes steam at you. The ball of steam hits you!!
You die...

##..#.#...#..# .
.............##..
.....##.........#
... #..D......#
....###.........#
........§§§.....#
.....##§5.§.....#
...# #§)§......#
.. ##@.§......#
#.........##
#...))....#
#...).....#
......######.#
.....## ##.#
..... ##..# .....
#..### .......#
#....#


You could see a friendly crimson imp (summoned).

Vanquished Creatures
  A steam dragon (D:6)
  A water moccasin (D:7)
  An orc warrior (D:7)
  Duvessa (D:6)
  2 ogres
  2 kobold brigands
  A bullfrog (D:7)
  Dowan (D:6)
  2 jellies (D:5)
  4 orc priests
  2 hounds
  An iguana (D:6)
  An orc wizard (D:4)
  Robin (D:4)
  6 adders
  An ufetubus (D:4)
  2 dart slugs
  10 orcs
  4 ball pythons
  A bat (D:1)
  6 endoplasms
  3 giant cockroaches
  14 goblins
  11 hobgoblins
  3 jackals (D:1)
  2 quokkas
  3 goblin skeletons (D:3)
  A goblin zombie (D:3)
  10 kobolds
  A rat (D:1)
99 creatures vanquished.

Vanquished Creatures (collateral kills)
  2 scorpions (D:5)
  A crimson imp (D:3)
  An orc wizard (D:5)
  3 adders
  A worm (D:3)
  A dart slug (D:2)
  2 orcs
  A ball python (D:2)
  A bat (D:3)
  2 endoplasms
  A giant cockroach (D:3)
  3 goblins
  A hobgoblin (D:4)
  2 jackals (D:2)
  A kobold (D:7)
  A quokka (D:3)
  A goblin zombie (D:3)
  3 hobgoblin zombies (D:3)
  A kobold zombie (D:3)
  An orc skeleton (D:3)
30 creatures vanquished.

Grand Total: 129 creatures vanquished

Notes
Turn   | Place    | Note
-------+----------+-------------------------------------------
     0 | D:1      | PimpSugar the Demonspawn Hedge Wizard began the quest for
                  | the Orb.
     0 | D:1      | Reached XP level 1. HP: 13/13 MP: 4/4
   306 | D:1      | Gained mutation: You have a pair of small horns on your
                  | head. [demonic ancestry]
   306 | D:1      | Reached XP level 2. HP: 20/20 MP: 3/6
   322 | D:1      | Learned a level 2 spell: Call Imp
   325 | D:1      | Learned a level 2 spell: Ensorcelled Hibernation
  1047 | D:2      | Found Keitirch's Book Shoppe.
  1069 | D:2      | Reached skill level 1 in Translocations
  1076 | D:2      | Gained mutation: A meltable shield of frost defends you.
                  | (SH +0) [demonic ancestry]
  1076 | D:2      | Reached XP level 3. HP: 23/25 MP: 2/7
  1884 | D:3      | Gained mutation: You are partially covered in rugged brown
                  | scales. (AC +1, +3% HP) [demonic ancestry]
  1884 | D:3      | Reached XP level 4. HP: 25/31 MP: 5/9
  2080 | D:3      | Reached skill level 1 in Fighting
  2116 | D:3      | Reached skill level 1 in Hexes
  2548 | D:4      | Learned a level 2 spell: Blink
  2633 | D:4      | Noticed an ogre
  2643 | D:4      | Reached XP level 5. HP: 38/38 MP: 5/10
  2651 | D:4      | Killed an ogre
  2652 | D:4      | Reached skill level 1 in Ice Magic
  2652 | D:4      | Reached skill level 1 in Evocations
  2657 | D:4      | Found an opulent altar of Gozag.
  2834 | D:4      | Reached XP level 6. HP: 44/44 MP: 7/11
  3230 | D:4      | Noticed Robin
  3236 | D:4      | Reached skill level 4 in Spellcasting
  3251 | D:4      | Killed Robin
  3716 | D:5      | Entered Level 5 of the Dungeon
  3764 | D:5      | Found a burning altar of Makhleb.
  4178 | D:5      | Gained mutation: You have a pair of horns on your head.
                  | [demonic ancestry]
  4178 | D:5      | Reached XP level 7. HP: 30/49 MP: 5/13
  4593 | D:5      | Found a sacrificial altar of Ru.
  4750 | D:5      | Learned a level 3 spell: Kindle Blastsparks
  4869 | D:6      | Noticed a steam dragon
  4880 | D:6      | Killed a steam dragon
  5283 | D:6      | Noticed Duvessa
  5285 | D:6      | Noticed Dowan
  5295 | D:6      | Killed Duvessa
  5295 | D:6      | Killed Dowan
  5367 | D:6      | Found a snail-covered altar of Cheibriados.
  5653 | D:6      | Gained mutation: You may rarely emit foul miasma when
                  | damaged in melee. [demonic ancestry]
  5653 | D:6      | Reached XP level 8. HP: 50/57 MP: 9/14
  5674 | D:6      | Found a staircase to the Ecumenical Temple.
  5707 | Temple   | Entered the Ecumenical Temple
  6111 | D:2      | Bought Coriuwoo's Lessons on Boreal Permutations for 456
                  | gold pieces
  6118 | D:2      | Learned a level 2 spell: Passwall
  6300 | D:6      | Found a hide-covered altar of Uskayaw.
  6779 | D:7      | Reached skill level 5 in Spellcasting
  6924 | D:7      | Killed from afar by a steam dragon

Illustrated notes

Levels and vault maps discovered:
D:1:      dpeg_arrival_rooms_b, layout_basic, serial_forest,
          infiniplex_forest_straight_2, infiniplex_forest_lined_3,
          infiniplex_forest_clump_tiny, infiniplex_forest_straight_1,
          infiniplex_forest_clump_tiny
D:2:      layout_rooms, serial_shops, nicolae_shop_hallway_stairs,
          dreamdust_wishing_well, wad_floor_pattern_1, uniq_crazy_yiuf_cottage
D:3:      layout_rooms, nicolae_tso_besieged_by_evil
D:4:      layout_basic, mainiacjoe_overflow_24_doors, serial_park_tiny_1,
          uniq_robin
D:5:      layout_basic, nicolae_ru_the_path_less_chosen,
          nicolae_overflow_crystal_walls
D:6:      layout_basic, nicolae_uskayaw_dance_studio, kennysheep_slug_shrine,
          temple_hall, nicolae_figureground_sparkle, uniq_duvessa
D:7:      layout_rooms
Temple:   eino_narrow_crystal_temple

Skill      XL: |  1  2  3  4  5  6  7  8 |
---------------+-------------------------+-----
Stealth        | 2 3 |  3.8
Translocations | 1 2 3 |  3.5
Fighting       | 1 2 |  2.6
Conjurations   | 2 3 4 |  4.3
Hexes          | 1 2 |  2.6
Ice Magic      | 1 2 |  2.2
Evocations     | 1 2 |  2.5
Spellcasting   | 4 5 |  5.0
Summonings     | 2 3 |  3.9
Dodging        | |  1.7

Action                   |  1- 3 |  4- 6 |  7- 9 || total
-------------------------+-------+-------+-------++-------
Melee: Dagger            |   109 |   141 |    72 ||   322
       Punch             |     3 |     2 |     3 ||     8
       Headbutt          |    11 |    37 |    11 ||    59
 Cast: Magic Dart        |    32 |    49 |    35 ||   116
       Ensorcelled Hiber |     4 |     5 |     4 ||    13
       Call Imp          |     6 |    13 |     5 ||    24
       Kindle Blastspark |       |       |     8 ||     8
       Passwall          |       |       |     1 ||     1
Evoke: Wand              |       |     2 |    10 ||    12
  Use: Scroll            |       |     2 |     3 ||     5
       Potion            |       |     4 |     1 ||     5
 Stab: Sleeping          |       |     2 |     2 ||     4
Armor: Robe              |     6 |       |       ||     6
       Leather armour    |    31 |    50 |    14 ||    95
Dodge: Dodged            |    70 |    64 |    29 ||   163
Block: Other             |     5 |    30 |    12 ||    47

Table legend: (Time is in decaauts)
 A = Elapsed time spent in this place.
 B = Non-inter-level travel time spent in this place.
 C = Inter-level travel time spent in this place.
 D = Time resting spent in this place.
 E = Time spent auto-exploring this place.
 F = Levels seen in this place.
 G = Mean time per level.
                   A        B        C        D        E       F      G
               +--------+--------+--------+--------+--------+-----+--------+
         Total |   6888 |   6166 |    722 |    557 |   4007 |   8 |  861.0 |
       Dungeon |   6648 |   5972 |    676 |    557 |   3825 |   7 |  949.7 |
        Temple |    239 |    193 |     46 |      0 |    182 |   1 |  239.0 |
               +--------+--------+--------+--------+--------+-----+--------+

Top non-repeatable levels by time:
     D:4: 1238 daAuts
     D:6: 1215 daAuts
     D:5: 1112 daAuts
     D:1: 1105 daAuts
     D:2: 801 daAuts
     D:3: 783 daAuts
     D:7: 391 daAuts
  Temple: 239 daAuts
